 Dungeon Crawl Stone Soup version 0.31-a0-703-gcfe89afef6 (webtiles) character file.

Game seed: 6748090931637611087

14 qw the Shooter (level 2, 0/17 HPs)
             Began as a Gargoyle Hunter on Sept 8, 2023.
             Frozen to death by an endoplasm (5 damage)
             ... on level 1 of the Dungeon.
             The game lasted 00:00:05 (74 turns).

qw the Shooter (Gargoyle Hunter)                      Turns: 74, Time: 00:00:06

Health: 0/17       AC:  5    Str: 14    XL:     2   Next: 45%
Magic:  2/2        EV: 11    Int:  9    God:
Gold:   0          SH:  0    Dex: 13    Spells: 1/1 levels left

rFire   . . .        a - +0 shortbow
rCold   . . .        (shield currently unavailable)
rNeg    + . .        c - +0 leather armour
rPois   inf          (no helmet)
rElec   +            (no cloak)
rCorr   .            (no gloves)
SInv    .            (no boots)
Will    .....        (no amulet)
Stlth   +            (no ring)
HPRegen 0.22/turn    (no ring)
MPRegen 0.08/turn

%: no passive effects
@: no status effects
A: sickness immunity, AC +2, negative energy resistance 1, electricity
resistance, torment resistance 1, petrification resistance
a: no special abilities


You were on level 1 of the Dungeon.
You visited 1 branch of the dungeon, and saw 1 of its levels.


Innate Abilities, Weirdness & Mutations

You are immune to sickness and miasma.
Your stone body is resilient. (AC +2)
You are immune to poison.
You resist negative energy. (rN+)
You are resistant to electric shocks. (rElec)
You are resistant to unholy torment.
You are immune to petrification.


   Skills:
 - Level 2.1 Fighting
 + Level 4.6 Ranged Weapons
 - Level 1.5 Dodging
 - Level 1.1 Stealth


You had one spell level left.
You didn't know any spells.
Your spell library was empty.

Inventory:

Hand Weapons
 a - a +0 shortbow (weapon)
Armour
 c - a +0 leather armour (worn)
Scrolls
 b - a scroll of butterflies

Dungeon Overview and Level Annotations

Branches:
Dungeon (1/15)

Altars:

Shops:
D:1 :


Message History

Enter note:
66 |||
Found retreat position at 10,5 (shallow_water) with 0 blocking monsters and 3 monsters attacking at destination at distance 11
Enter note:
66 ||| RETREATING.
The bat completely misses you.
You shoot an arrow. The arrow hits the bat.
You kill the bat!
A bat comes into view.
The ball python bites you but does no damage.
The ball python completely misses you.
You shoot an arrow.
The arrow closely misses the ball python.
The ball python bites you but does no damage.
The ball python barely misses you.
You shoot an arrow. The arrow hits the ball python.
You kill the ball python!
The bat misses you.
You shoot an arrow.
The arrow hits the bat but does no damage.
The bat barely misses you.
You shoot an arrow. The arrow hits the hobgoblin!
You kill the hobgoblin!
The bat hits you but does no damage. The endoplasm freezes you.
You are frozen.
You shoot an arrow. The arrow barely misses the bat.
The bat barely misses you. The endoplasm freezes you.
You are frozen.
The endoplasm freezes you.
You are frozen.
You shoot an arrow. The arrow hits the bat.
You kill the bat!
The endoplasm freezes you.
You are frozen.
You shoot an arrow.
The arrow hits the endoplasm but does no damage.
The endoplasm freezes you.
You are frozen.
You die...

#############
##.....#.....##
##.............##
#...............#####
#...@................
#..J%................
#.....^..............
#....................
............~~~.......
.8.#.......~~~~~~.....~
..\..##....~~~~~~~~....~~
.8)8 ##..~~~~#####....~~
K... .~~~~##...##....~


You could see an endoplasm.

Vanquished Creatures
  A ball python (D:1)
  An endoplasm (D:1)
  2 goblins (D:1)
  A hobgoblin (D:1)
  A kobold (D:1)
  2 quokkas (D:1)
  3 bats (D:1)
  2 rats (D:1)
13 creatures vanquished.

Notes
Turn   | Place    | Note
-------+----------+-------------------------------------------
     0 | D:1      | qw the Gargoyle Hunter began the quest for the Orb.
     0 | D:1      | Reached XP level 1. HP: 12/12 MP: 1/1
     0 | D:1      | 0 ||| qw: Version: 0.3-a-76-g4403597
     0 | D:1      | 0 ||| qw: Game counter: 1285
     0 | D:1      | 0 ||| qw: Melee chars always use a shield: true
     0 | D:1      | 0 ||| qw: God list: Okawaru
     0 | D:1      | 0 ||| qw: Allow faded altars: false
     0 | D:1      | 0 ||| qw: Do Orc after clearing Dungeon:15 true
     0 | D:1      | 0 ||| qw: Do second Lair branch before Depths: true
     0 | D:1      | 0 ||| qw: Lair rune preference: random
     0 | D:1      | 0 ||| qw: Goals: Normal
     0 | D:1      | 0 ||| PLANNING D:1-11
    36 | D:1      | Reached XP level 2. HP: 17/17 MP: 2/2
    59 | D:1      | Found Hucupsan's Book Emporium.
    66 | D:1      | 66 ||| RETREATING.
    74 | D:1      | Frozen to death by an endoplasm

Levels and vault maps discovered:
D:1:      minmay_arrival_shoal_huts, layout_rooms, serial_shops, shop,
          nicolae_shop_peninsula, nicolae_shop_tiny_statue_garden, shop,
          nicolae_shop_gibbet_a_chance, amcnicky_mini_pool_small,
          minmay_pentomino_z2

Action                     || total
---------------------------++-------
   Fire: Shortbow          ||    33
 Armour: Leather armour    ||     9
  Dodge: Dodged            ||     8

Table legend:
 A = Non-vault XP
 B = Vault XP
 C = Vault XP percentage of total XP
 D = Non-vault monster count
 E = Vault monster count
 F = Vault count percentage of total count
                 A         B        C        D         E       F
            +---------+---------+-------+---------+---------+-------
      Total |      19 |       2 |   9.5 |      12 |       1 |   7.7
            +---------+---------+-------+---------+---------+-------
        D:1 |      19 |       2 |   9.5 |      12 |       1 |   7.7
            +---------+---------+-------+---------+---------+-------
